[Event "*** SCC Grand Prix: Titled Tuesday Blitz"]
[Site "Chess.com"]
[Date "2020.10.13"]
[Round "2"]
[White "JakubPulpan"]
[Black "Chessbard1972"]
[Result "1-0"]
[WhiteElo "2677"]
[BlackElo "2387"]
[TimeControl "180+1"]
[EndTime "10:17:18 PDT"]
[Termination "JakubPulpan won by resignation"]

1. Nf3 Nf6 2. b3 g6 3. Bb2 Bg7 4. g3 O-O 5. Bg2 d6 6. d4 e5 7.
dxe5 Nfd7 8. c4 Nxe5 9. Nxe5 dxe5 10. O-O c6 11. Nc3 Qe7 12. Ne4 Rd8 13. Ba3 Qc7 14. Bd6 Qd7 15. Qc2 Qe8 16. Bc7 Rd7 17. Ba5 Na6 18. Rad1 Rxd1 19. Rxd1 Bf5 20. Qd2 Qe7 21.
Qd6 Bf8 22. g4 Bxe4 23. Qxe7 Bxe7 24. Bxe4 Nc5 25. Bg2 f6 26. b4 Na6 27. Rd7 Bxb4 28. Bxb4 Nxb4 29. Rxb7 Nxa2 30. Bxc6 Rc8 31. Bd7 Ra8 32. c5 Kf7 33. c6 Ke7 34. Bf5+ Kd6 35. c7 gxf5 36. Rb8 Kxc7 37. Rxa8 fxg4 38. Rxa7+ Kd6 39.
Rxa2 h5 40. h3 f5 41. hxg4 hxg4 42. f3 Kd5 43. fxg4 fxg4 44. Ra4 Ke6 45. Kf2 Kf5 46. Kg3 e4 47. e3 1-0

[Event "*** SCC Grand Prix: Titled Tuesday Blitz"]
[Site "Chess.com"]
[Date "2020.10.13"]
[Round "2"]
[White "simplerXiao"]
[Black "NMZanette"]
[Result "1-0"]
[WhiteElo "2455"]
[BlackElo "2224"]
[TimeControl "180+1"]
[EndTime "10:17:18 PDT"]
[Termination "simplerXiao won by resignation"]

1. e4 e5 2. Nf3 Nc6 3. Bc4 Nf6 4. d3 Be7 5. O-O O-O 6. c3 d5 7.
exd5 Nxd5 8. Re1 Bg4 9. h3 Bh5 10. Nbd2 Nb6 11. Bb5 f6 12. Qb3+ Bf7 13. Qc2 Qd5 14.
a4 a6 15. Bxc6 Qxc6 16. Ne4 Rad8 17. a5 Nc8 18. Qe2 Nd6 19. Ng3 Nb5 20. d4 Bc4 21.
Qe3 Qd5 22. dxe5 Bc5 23. Qe4 f5 24. Qxd5+ Rxd5 25. Bf4 h6 26. h4 Rfd8 27. e6 Be7 28. Ne5 Rc5 29. Ng6 Bf6 30. e7 Re8 31. Rad1 Nd6 32.
Bxd6 cxd6 33. Rxd6 Bf7 34. h5 f4 35. Ne4 Rf5 36.
Nxf6+ gxf6 37. Rd8 Kg7 38. Nf8 Re5 39. Rxe5 fxe5 40.
Rxe8 Bxe8 41. Ne6+ Kf6 42. Nd8 Kxe7 43. Nxb7 Ke6 44.
Nc5+ Kd5 45. Nxa6 Kc4 46. Nc7 Bd7 47. a6 Kc5 48. a7 Bc6 49. a8=Q 1-0

[Event "*** SCC Grand Prix: Titled Tuesday Blitz"]
[Site "Chess.com"]
[Date "2020.10.13"]
[Round "2"]
[White "MalyDominator"]
[Black "Trovita84"]
[Result "1-0"]
[WhiteElo "2374"]
[BlackElo "2033"]
[TimeControl "180+1"]
[EndTime "10:17:18 PDT"]
[Termination "MalyDominator won on time"]

1. e4 e5 2. Nf3 Nc6 3. Bc4 Be7 4. O-O Nf6 5. d3 O-O 6. c3 d5 7. exd5 Nxd5 8. Re1 Bf6 9. Nbd2 Nf4 10. Ne4 Bg4 11. h3 Bh5 12. Bxf4 exf4 13. Nxf6+ Qxf6 14.
d4 Rad8 15. Be2 Rfe8 16. Qd2 Bg6 17. Rad1 Ne7 18. Qc1 Nd5 19. Ne5 Bf5 20. Bf3 c6 21. a3 g5 22. c4 Nb6 23. Qc3 Nd7 24. Nxd7 Bxd7 25. b4 Bf5 26. c5 Rxe1+ 27. Rxe1 Qxd4 28. Re8+ Kg7 29. Qxd4+ Rxd4 30. Rb8 Rd3 31. Rxb7 Bxh3 32. Bxc6 Be6 33. Rxa7 Rb3 34. Be4 Rb2 35. c6 Rd2 36. c7 Rd1+ 37. Kh2 Rc1 38. b5 g4 39. b6 Rc3 40. g3 1-0

[Event "*** SCC Grand Prix: Titled Tuesday Blitz"]
[Site "Chess.com"]
[Date "2020.10.13"]
[Round "2"]
[White "dosto07"]
[Black "Fy_Rakotomaharo"]
[Result "0-1"]
[WhiteElo "2330"]
[BlackElo "2649"]
[TimeControl "180+1"]
[EndTime "10:17:19 PDT"]
[Termination "Fy_Rakotomaharo won by resignation"]

1. e4 c5 2. Nf3 d6 3. Bb5+ Nd7 4. d4 Nf6 5. O-O cxd4 6. Qxd4 a6 7. Bxd7+ Bxd7 8. Nc3 e5 9. Qd3 h6 10. Rd1 b5 11. a4 b4 12. Nd5 Nxd5 13. Qxd5 Be7 14.
a5 Be6 15. Qc6+ Bd7 16. Qd5 Rb8 17. Be3 O-O 18. Bb6 Qe8 19. Nd2 Be6 20. Qd3 Qc6 21. Nf1 Bc4 22. Qf3 f5 23. Ng3 fxe4 24. Qxe4 Qxe4 25.
Nxe4 d5 26. Nd2 Bb5 27. Nf3 e4 28. Nd4 Bd7 29. h3 Rfc8 30. Rd2 Bg5 31. Re2 Rc4 32. Rd1 Rbc8 33. g3 Bf6 34. Kg2 Kf7 35. Red2 Bg5 36.
Re2 Ke7 37. h4 Bf6 38. Nb3 Bg4 39. Red2 Bf3+ 40. Kg1 Rxc2 41. Rxc2 Rxc2 42. Rxd5 Rxb2 43. Nd4 Rb1+ 0-1

[Event "*** SCC Grand Prix: Titled Tuesday Blitz"]
[Site "Chess.com"]
[Date "2020.10.13"]
[Round "2"]
[White "andresgv36"]
[Black "CzechmVIII"]
[Result "0-1"]
[WhiteElo "2387"]
[BlackElo "2169"]
[TimeControl "180+1"]
[EndTime "10:17:20 PDT"]
[Termination "CzechmVIII won on time"]

1. d4 Nf6 2. Bf4 c5 3. d5 b5 4. f3 d6 5. e4 a6 6. a4 b4 7. Nd2 e6 8. Nc4 exd5 9. exd5 Be7 10. a5 O-O 11. Nb6 Ra7 12. Bc4 Nbd7 13. Nxc8 Qxc8 14.
Ne2 Nh5 15. O-O Nxf4 16. Nxf4 Ne5 17. b3 Bf6 18. Ra2 Nxc4 19. bxc4 Bd4+ 20. Kh1 Re7 21. Ne2 Bf6 22. Qd3 Rfe8 23. c3 b3 24.
Rb2 Qc7 25. Ra1 Re3 26. Qd1 Qe7 27. Ng1 Bxc3 28. Qxb3 Bxb2 29. Qxb2 Re1 30. Rxe1 Qxe1 31. Qb6 h6 32. Qxa6 Qd1 33. Qxd6 Re1 34. Qxc5 Qa1 35. h3 Rd1 36. Kh2 Qa2 0-1

[Event "*** SCC Grand Prix: Titled Tuesday Blitz"]
[Site "Chess.com"]
[Date "2020.10.13"]
[Round "2"]
[White "vaishali2001"]
[Black "youngKID"]
[Result "0-1"]
[WhiteElo "2547"]
[BlackElo "2813"]
[TimeControl "180+1"]
[EndTime "10:17:21 PDT"]
[Termination "youngKID won by resignation"]

1. d4 Nf6 2. Bf4 g6 3. Nc3 d5 4. e3 a6 5. h4 Bg7 6. h5 Nxh5 7. Rxh5 gxh5 8. Qxh5 e6 9. Qh2 Nc6 10. Bxc7 Qe7 11. Bd6 Qd8 12. O-O-O b5 13. Bc7 Qd7 14. Nf3 Bb7 15. e4 Rc8 16. exd5 Qxc7 17. Qxc7 Rxc7 18. dxc6 Bxc6 19. Ne5 Bxe5 20. dxe5 Ke7 21. a3 h5 22. g3 h4 23. gxh4 Rxh4 24. Bd3 Rf4 25. Rf1 Bg2 26. Rg1 Bb7 27. Rf1 Rc5 28. Ne2 Rf3 29. Kd2 Rxe5 30. Nd4 Rf4 31. c3 Bg2 32. Rg1 Rxf2+ 33. Kc1 Rh5 34. Kb1 Rh1 35. Rxh1 Bxh1 36.
a4 bxa4 37. Bxa6 e5 38. Nc6+ 0-1

[Event "*** SCC Grand Prix: Titled Tuesday Blitz"]
[Site "Chess.com"]
[Date "2020.10.13"]
[Round "2"]
[White "LionTheLeon_06"]
[Black "catzapto"]
[Result "1-0"]
[WhiteElo "2638"]
[BlackElo "2161"]
[TimeControl "180+1"]
[EndTime "10:17:21 PDT"]
[Termination "LionTheLeon_06 won by checkmate"]

1. a3 d5 2. b4 e5 3. Bb2 Bd6 4. g3 c6 5. Bg2 f5 6. d3 Nf6 7. Nd2 O-O 8. Nb3 e4 9. e3 Nbd7 10. Ne2 Ne5 11. Bxe5 Bxe5 12. d4 Bc7 13. O-O g5 14.
Qc1 Nh5 15. f3 f4 16. fxe4 fxg3 17. e5 gxh2+ 18. Kxh2 g4 19. Rxf8+ Kxf8 20. Qh1 Qg5 21. Rf1+ Kg8 22. Nf4 Bf5 23. Nc5 Re8 24. Nxb7 Bxc2 25. Nc5 Bf5 26. Nxh5 Qxh5+ 27. Kg3 Qg5 28. Kf2 g3+ 29. Ke2 Bxe5 30. dxe5 Rxe5 31. Qg1 d4 32. e4 Bg4+ 33. Bf3 Bxf3+ 34. Rxf3 Qg4 35. Qxg3 Qxg3 36. Rxg3+ Kf7 37. Kd3 Rh5 38. Kxd4 Ke7 39. Rg7+ Kd6 40. Rd7# 1-0

[Event "*** SCC Grand Prix: Titled Tuesday Blitz"]
[Site "Chess.com"]
[Date "2020.10.13"]
[Round "2"]
[White "Chamal_Gedgafov"]
[Black "SanchezKelvin"]
[Result "0-1"]
[WhiteElo "2166"]
[BlackElo "2408"]
[TimeControl "180+1"]
[EndTime "10:17:21 PDT"]
[Termination "SanchezKelvin won on time"]

1. d4 Nf6 2. c4 e6 3. Nc3 c5 4. d5 exd5 5. cxd5 d6 6. e4 g6 7. Bd3 a6 8. a4 Bg7 9. Nge2 O-O 10. O-O Nbd7 11. h3 Re8 12. Ng3 Rb8 13. Qc2 Qc7 14.
Be3 c4 15. Be2 Nc5 16. a5 Nb3 17. Ra4 Nxa5 18. Bd2 b5 19. Nxb5 Rxb5 20. Bxc4 Nxc4 21. Rxc4 Qb8 22. Bc3 Bd7 23. f4 Rb3 24. Rd1 Rb5 25.
Rcd4 h5 26. e5 dxe5 27. fxe5 Qxe5 28. R4d3 Qb8 29. d6 h4 30. Rf3 hxg3 31. Bxf6 Bf5 32.
Qc3 Qb6+ 33. Kh1 Rc8 34. Rxf5 Rxc3 35. d7 Bxf6 36. Rxf6 Qxf6 37. d8=Q+ Qxd8 38. Rxd8+ Kg7 0-1

[Event "*** SCC Grand Prix: Titled Tuesday Blitz"]
[Site "Chess.com"]
[Date "2020.10.13"]
[Round "2"]
[White "Herracek"]
[Black "ferdipy"]
[Result "0-1"]
[WhiteElo "2607"]
[BlackElo "2325"]
[TimeControl "180+1"]
[EndTime "10:17:22 PDT"]
[Termination "ferdipy won by checkmate"]

1. c4 e5 2. g3 Nc6 3. Bg2 g6 4.
Nc3 Bg7 5. Rb1 d6 6. b4 Nge7 7. e3 Be6 8. b5 Na5 9. d3 Rb8 10.
Qa4 b6 11. Nge2 Qd7 12. Bd2 Bh3 13. O-O h5 14. f3 h4 15. Bxh3 Qxh3 16. g4 f5 17. Nd1 fxg4 18. Nf2 Qxf3 19. Ne4 Qxe2 20. Bxa5 g3 21. Nf2 gxf2+ 22. Rxf2 Qxd3 23. Re1 bxa5 24. b6+ c6 25. bxa7 Ra8 26. Qxa5 Nf5 27. Qc7 O-O 28. Qb7 Qxc4 29. e4 Qc5 30. exf5 Rxa7 31. Qb3+ d5 32. Kf1 Rxf5 33. Rxf5 gxf5 34. Qb8+ Kf7 35. Re2 Qc1+ 36. Kg2 Qg5+ 37. Kh3 Re7 38. Qd6 Qg4# 0-1

[Event "*** SCC Grand Prix: Titled Tuesday Blitz"]
[Site "Chess.com"]
[Date "2020.10.13"]
[Round "2"]
[White "NewBornNow"]
[Black "AnnaChessLook"]
[Result "1-0"]
[WhiteElo "2640"]
[BlackElo "2229"]
[TimeControl "180+1"]
[EndTime "10:17:23 PDT"]
[Termination "NewBornNow won by checkmate"]

1. e4 c5 2. Nf3 Nc6 3. Bb5 g6 4.
Bxc6 dxc6 5. h3 Bg7 6. d3 Nf6 7. Nc3 Nd7 8. O-O e5 9. Nh2 O-O 10. f4 exf4 11. Bxf4 Ne5 12. Qd2 Re8 13. Nf3 Nxf3+ 14.
Rxf3 Be6 15. Raf1 c4 16. Kh1 cxd3 17. cxd3 Qd7 18. Bh6 Bh8 19. Bg5 c5 20. Qf2 b6 21.
Qh4 Qd4 22. Ne2 Qxb2 23. Nf4 Bxa2 24. Nd5 Bxd5 25. exd5 f5 26. g4 Re2 27. Bf4 Bf6 28. Qg3 fxg4 29. Qxg4 Rd8 30. Bc1 Rh2+ 31. Kg1 Bd4+ 32.
Be3 Re2 33. Qe6+ Kh8 34. Rf8+ Rxf8 35. Rxf8+ Kg7 36. Rg8# 1-0

[Event "*** SCC Grand Prix: Titled Tuesday Blitz"]
[Site "Chess.com"]
[Date "2020.10.13"]
[Round "2"]
[White "PrinceMurad09"]
[Black "Margarita2907"]
[Result "1/2-1/2"]
[WhiteElo "2529"]
[BlackElo "2185"]
[TimeControl "180+1"]
[EndTime "10:17:23 PDT"]
[Termination "Game drawn by repetition"]

1. e4 c5 2. Nf3 d6 3. d4 cxd4 4. Nxd4 Nf6 5. Nc3 a6 6. h3 e6 7. a4 Nc6 8. Nb3 d5 9. exd5 Nxd5 10. Nxd5 Qxd5 11. Qxd5 exd5 12. Be2 Bf5 13. c3 Be7 14. Be3 O-O 15. O-O-O Rfd8 16. Bf3 Be4 17. Nd2 Bxf3 18. Nxf3 b5 19. axb5 axb5 20. Kc2 b4 21. Ra1 bxc3 22. bxc3 Bf6 23. Rhd1 Rxa1 24. Rxa1 h6 25. Ra6 Rc8 26. Kd3 Bxc3 27. Ra4 Bf6 28. Bf4 Re8 29. g3 Ne5+ 30. Nxe5 Bxe5 31. Ra5 Bxf4 32. gxf4 Re4 33. f5 Re5 34. f6 gxf6 35. f4 Rh5 36. Kd4 Rxh3 37. Rxd5 Rh4 38. Ke4 Kg7 39. Kf3 Rh1 40. Rd2 h5 41.
Rg2+ Kh6 42. Rg8 Rf1+ 43. Ke4 h4 44. Rh8+ Kg6 45. Rxh4 f5+ 46. Ke3 Re1+ 47. Kf2 Ra1 48. Rh8 Ra2+ 49. Kf1 Ra3 50. Rh2 Kf6 51. Rb2 Ra1+ 52.
Kf2 Ra4 53. Rb6+ Ke7 54. Kg3 Ra3+ 55. Kh4 Ra4 56. Kg5 Ra5 57. Rb7+ Ke6 58. Rb6+ Ke7 59. Rf6 Rb5 60. Ra6 Rc5 61. Rb6 Ra5 1/2-1/2

[Event "*** SCC Grand Prix: Titled Tuesday Blitz"]
[Site "Chess.com"]
[Date "2020.10.13"]
[Round "2"]
[White "Region_07"]
[Black "GM_Levan_Pantsulaia"]
[Result "0-1"]
[WhiteElo "2347"]
[BlackElo "2802"]
[TimeControl "180+1"]
[EndTime "10:17:23 PDT"]
[Termination "GM_Levan_Pantsulaia won by resignation"]

1. d4 Nf6 2. Bg5 c5 3. dxc5 Ne4 4. h4 Qa5+ 5. Nd2 Nxg5 6. hxg5 Qxc5 7. g6 fxg6 8. Ngf3 Nc6 9. e3 d5 10. Bd3 Bf5 11. Nb3 Qd6 12. Nbd4 e6 13. Qe2 Be7 14. O-O-O O-O 15. Kb1 Bg4 16. c4 Bf6 17. cxd5 exd5 18.
Bc2 Bxd4 19. exd4 Rae8 20. Qd2 Bxf3 21. gxf3 Rxf3 22. Bb3 Ref8 23. Qe2 a6 24. Qf1 Rxf2 25. Qh3 h6 26. Rde1 Nxd4 27. Rd1 Nxb3 28. Qxb3 g5 29. Rxd5 Qg6+ 30. Ka1 Kh7 31. Rdd1 b5 32. a3 R8f3 33. Qb4 Rf4 34. Qc5 Qf6 35. Rb1 R4f3 36. Rhd1 g4 37. Rd6 Qf5 38. Qc7 Rxa3+ 39. bxa3 Qe5+ 0-1

[Event "*** SCC Grand Prix: Titled Tuesday Blitz"]
[Site "Chess.com"]
[Date "2020.10.13"]
[Round "2"]
[White "chess94cu"]
[Black "ViditYT"]
[Result "0-1"]
[WhiteElo "2563"]
[BlackElo "2846"]
[TimeControl "180+1"]
[EndTime "10:17:24 PDT"]
[Termination "ViditYT won by resignation"]

1. e4 c5 2. Nf3 d6 3. d4 cxd4 4. Nxd4 Nf6 5. Nc3 Nc6 6. Bg5 e6 7. Qd2 a6 8. O-O-O Bd7 9. f3 Be7 10. h4 b5 11. Kb1 Rc8 12. Nxc6 Bxc6 13. Ne2 Bb7 14. Nd4 O-O 15. g4 Qc7 16. Be3 Nd7 17.
g5 d5 18. exd5 Bxd5 19. h5 Ne5 20. Be2 Rfd8 21. g6 Bf6 22. gxh7+ Kxh7 23. h6 g6 24. Bg5 Qe7 25. Bxf6 Qxf6 26. Qe3 Nc4 27. Bxc4 Rxc4 28. b3 Rc7 29. Rhe1 Rdc8 30. f4 Rc3 31. Qd2 b4 32. f5 gxf5 33. Rg1 Be4 34. Rc1 Rd8 35. Rg7+ Kh8 36. Rcg1 Rxc2 37. Rg8+ Rxg8 38. Rxg8+ Kxg8 39. Nxc2 Qc3 40. Qxc3 bxc3 41. Kc1 f4 42.
Nd4 f3 43. Kd1 c2+ 44. Nxc2 Bxc2+ 45. Kd2 f2 46. Ke2 Bb1 47. a3 Ba2 48. b4 Bb3 49.
Kxf2 Kh7 0-1

[Event "*** SCC Grand Prix: Titled Tuesday Blitz"]
[Site "Chess.com"]
[Date "2020.10.13"]
[Round "2"]
[White "Artem_Sadovsky"]
[Black "German_Bazeev"]
[Result "1/2-1/2"]
[WhiteElo "2510"]
[BlackElo "2716"]
[TimeControl "180+1"]
[EndTime "10:17:24 PDT"]
[Termination "Game drawn by repetition"]

1. Nf3 Nf6 2. g3 g6 3. Bg2 Bg7 4. O-O O-O 5. c4 d5 6. b3 d4 7. Bb2 c5 8. e3 Nc6 9. exd4 Nh5 10. Na3 cxd4 11. d3 Re8 12. Nc2 e5 13. Nd2 Nf6 14. b4 Bf5 15. Nb3 Qc8 16. b5 Nd8 17. Nb4 Bh3 18. Re1 Bxg2 19. Kxg2 Nd7 20. Nd5 Nb6 21. Nxb6 axb6 22. Bxd4 Ne6 23. Be3 h5 24. Qc2 h4 25. f3 h3+ 26. Kh1 e4 27. fxe4 Bxa1 28.
Rxa1 Nc5 29. Nxc5 bxc5 30. Rf1 b6 31. Qf2 Qe6 32. Bg5 Ra7 33. Bf6 Qg4 34. Qe3 Qh5 35. g4 Qxg4 36. Rg1 Qh5 37. Rg5 Qd1+ 38. Rg1 Qh5 39. Rg5 Qd1+ 40. Rg1 Qh5 1/2-1/2

[Event "*** SCC Grand Prix: Titled Tuesday Blitz"]
[Site "Chess.com"]
[Date "2020.10.13"]
[Round "2"]
[White "Pavalamalli"]
[Black "blitzking1729"]
[Result "0-1"]
[WhiteElo "2305"]
[BlackElo "2550"]
[TimeControl "180+1"]
[EndTime "10:17:24 PDT"]
[Termination "blitzking1729 won on time"]

1. e4 Nf6 2. Nc3 d5 3. e5 Nfd7 4. d4 e6 5. f4 c5 6. Nf3 Nc6 7.
Be3 a6 8. Qd2 b5 9. dxc5 Bxc5 10. Be2 Qb6 11. Nd1 f6 12. Bxc5 Qxc5 13. Nf2 fxe5 14.
Nxe5 Ndxe5 15. fxe5 Nxe5 16. Bh5+ g6 17. Qg5 O-O 18.
O-O-O Qxf2 19. Qxe5 Rf5 20. Qc7 Qe3+ 21. Kb1 gxh5 22. Rhe1 Qa7 23. Qd8+ Rf8 24. Qg5+ Qg7 25. Qxh5 Bd7 26. Re3 Be8 27. Qh3 Bg6 28. Qxe6+ Kh8 29.
Qxd5 Rac8 30. Re2 Qc7 31. Rc1 Rfd8 32. Qb3 a5 33. a3 b4 34. axb4 axb4 0-1

[Event "*** SCC Grand Prix: Titled Tuesday Blitz"]
[Site "Chess.com"]
[Date "2020.10.13"]
[Round "2"]
[White "mapleaff"]
[Black "1977Ivan"]
[Result "0-1"]
[WhiteElo "2346"]
[BlackElo "2674"]
[TimeControl "180+1"]
[EndTime "10:17:25 PDT"]
[Termination "1977Ivan won on time"]

1. d4 Nf6 2. c4 e6 3. Nf3 d5 4. Nc3 Nbd7 5. cxd5 exd5 6. Bg5 c6 7. e3 Qa5 8. Bxf6 Nxf6 9. Bd3 Bd6 10. h3 O-O 11. O-O Re8 12. a3 Qd8 13. b4 a6 14. Qc2 g6 15. Rab1 Bd7 16. a4 b5 17. axb5 axb5 18.
Rfc1 Qe7 19. Qb3 Kg7 20. Ne1 h5 21. Bf1 Ne4 22. Nxe4 dxe4 23. d5 Qe5 24. f4 exf3 25. Nxf3 Qg3 26. Qc3+ Kg8 27. dxc6 Bxh3 28. Qe1 Bf5 29.
Qxg3 Bxg3 30. Rb3 Ra2 31. Bxb5 Bf2+ 32. Kh1 Rxe3 33. Rxe3 Bxe3 34. Re1 Bb6 35. Nh4 Bg4 36. Nf3 Kg7 37. Ne5 Bf5 38. Nd7 Bc7 39. Nc5 Rb2 40.
Na6 Bd6 41. c7 Rc2 0-1

[Event "*** SCC Grand Prix: Titled Tuesday Blitz"]
[Site "Chess.com"]
[Date "2020.10.13"]
[Round "2"]
[White "crescentmoon2411"]
[Black "FMKonstantin_Twitch"]
[Result "0-1"]
[WhiteElo "2803"]
[BlackElo "2565"]
[TimeControl "180+1"]
[EndTime "10:17:26 PDT"]
[Termination "FMKonstantin_Twitch won on time"]

1. e4 d5 2. exd5 Qxd5 3. Nc3 Qe6+ 4. Be2 Qg6 5. Nf3 c6 6. d4 Qxg2 7. Rg1 Qh3 8. d5 Nf6 9. dxc6 bxc6 10. Bf4 g6 11.
Qd2 Bg7 12. Ng5 Qf5 13. h4 O-O 14. h5 Na6 15. hxg6 hxg6 16. Bd3 Qa5 17. Nxf7 Rxf7 18. Bxg6 Bf5 19. O-O-O Bxg6 20. Rxg6 Nb4 21. a3 Nbd5 22. Be5 Nxc3 23. Bxc3 Qf5 24. Rdg1 Kf8 25. Bxf6 exf6 26. Qd6+ Kg8 27. Qg3 Qd7 28. Rh1 Rd8 29. Kb1 Kf8 30.
Qe3 Qe7 31. Qf3 Qe6 32. Qg3 Qd6 33. Qg2 Qd5 34. Qg1 Qf5 35. Rh7 Rd2 36. Qc1 Qd5 37. Rg1 Rd7 38. Rhh1 f5 39. Re1 c5 40. Rhg1 Rb7 41. c3 Rbxb2+ 0-1

[Event "*** SCC Grand Prix: Titled Tuesday Blitz"]
[Site "Chess.com"]
[Date "2020.10.13"]
[Round "2"]
[White "WiktoriaPOL"]
[Black "chessfrendz"]
[Result "0-1"]
[WhiteElo "2051"]
[BlackElo "2383"]
[TimeControl "180+1"]
[EndTime "10:17:26 PDT"]
[Termination "chessfrendz won by checkmate"]

1. c4 e5 2. Nc3 Nf6 3. Nf3 Nc6 4. e4 Bc5 5. Nxe5 Nxe5 6. d4 Bd6 7. c5 Bxc5 8. dxe5 Ng8 9. Qg4 Kf8 10. Qf3 Qe7 11. Bc4 c6 12. Bg5 Qe8 13. O-O-O h6 14. Bh4 Ne7 15.
Rd2 Ng6 16. Bg3 b5 17. Bb3 Be7 18. Rhd1 Bg5 19. Kc2 Bxd2 20. Rxd2 h5 21. Rd6 h4 22.
Rxg6 hxg3 23. Rxg3 Rh6 24. Rg5 d6 25. exd6 Rxd6 26.
Rh5 Rh6 27. Rxh6 gxh6 28. Qf6 Be6 29. Qxh6+ Ke7 30. Bxe6 fxe6 31. Qg7+ Qf7 32. Qg5+ Qf6 33. Qc5+ Kd7 34. f3 Qe7 35. Qd4+ Kc7 36. Qe5+ Kb7 37. g4 Rd8 38. Qf4 Qd7 39. h4 Qd3+ 40. Kc1 b4 41. Na4 Qd1# 0-1

[Event "*** SCC Grand Prix: Titled Tuesday Blitz"]
[Site "Chess.com"]
[Date "2020.10.13"]
[Round "2"]
[White "chesslh19"]
[Black "Susal_De_Silva"]
[Result "0-1"]
[WhiteElo "2220"]
[BlackElo "2443"]
[TimeControl "180+1"]
[EndTime "10:17:27 PDT"]
[Termination "Susal_De_Silva won by resignation"]

1. e4 e5 2. Nf3 Nc6 3. Bb5 a6 4.
Bxc6 dxc6 5. O-O f6 6. d4 Bg4 7. dxe5 Qxd1 8. Rxd1 fxe5 9. Rd3 Bd6 10. Nbd2 Nf6 11. b3 O-O 12. Bb2 Rae8 13. Re1 Nh5 14. Nc4 Nf4 15. Rde3 Bc5 16. Nfxe5 Bh5 17. Nd7 Bxe3 18.
Nxf8 Ba7 19. Nd7 Ne2+ 20. Kf1 Nd4 21. f3 Nxc2 22. Re2 Nd4 23. Rd2 c5 24. Nde5 b5 25. g4 bxc4 26. Nxc4 Bf7 27. b4 Bxc4+ 28. Kf2 Rd8 29.
Kg2 cxb4 30. a3 a5 31. axb4 axb4 32. h4 c5 33. h5 Ne6 34. Rxd8+ Nxd8 35. Kf2 Bd3 36.
Ke3 c4+ 37. Kf4 c3 38. Bc1 b3 39. Ke5 b2 0-1

[Event "*** SCC Grand Prix: Titled Tuesday Blitz"]
[Site "Chess.com"]
[Date "2020.10.13"]
[Round "2"]
[White "Beca95"]
[Black "EddieMarsalla"]
[Result "1-0"]
[WhiteElo "2911"]
[BlackElo "2580"]
[TimeControl "180+1"]
[EndTime "10:17:28 PDT"]
[Termination "Beca95 won on time"]

1. d4 d5 2. Bf4 Bf5 3. e3 e6 4. Bd3 Bxd3 5. Qxd3 c6 6. c4 Bd6 7. Bg3 Bxg3 8. hxg3 Nf6 9. Nc3 Nbd7 10. Nf3 Qb6 11.
O-O-O h6 12. Kb1 O-O-O 13. c5 Qc7 14. b4 Kb8 15. b5 e5 16. Qc2 exd4 17. exd4 Rhe8 18.
Rhe1 Qa5 19. Qb2 Ka8 20. Nd2 Ng4 21. Nb3 Qc7 22. a4 Ndf6 23. a5 Ne4 24. b6 Qc8 25. f3 Nxc3+ 26. Qxc3 Nf6 27. a6 bxa6 28. Na5 Rd7 29.
Qb4 axb6 30. cxb6 Rb7 31. Rxe8 Nxe8 32. Re1 Qd8 33. Nxb7 Kxb7 34. Re7+ Kb8 35. Rxf7 Nd6 36. Rxg7 Nc4 37. Qc5 Qe8 38. Qe7 Qxe7 39. Rxe7 Nxb6 40. Re6 Kb7 41. Rxh6 Nc4 42. g4 Kc7 43. g5 Kd7 44. g6 Ke6 45. g7+ Kf7 46. Rxc6 Na3+ 47. Kb2 Nb5 48.
Rg6 Kg8 49. Rg4 a5 50. Kb3 Nd6 51. Ka4 Nc4 52. Kb5 Ne3 53. Rg5 Nd1 54. Kxa5 1-0

[Event "*** SCC Grand Prix: Titled Tuesday Blitz"]
[Site "Chess.com"]
[Date "2020.10.13"]
[Round "2"]
[White "PLAYER_2006_M"]
[Black "MaxLeto"]
[Result "1-0"]
[WhiteElo "2549"]
[BlackElo "2303"]
[TimeControl "180+1"]
[EndTime "10:17:30 PDT"]
[Termination "PLAYER_2006_M won by resignation"]

1. d4 Nf6 2. Nc3 d5 3. Bf4 Bf5 4. f3 e6 5. g4 Bg6 6. h4 h5 7.
g5 Nfd7 8. e3 Bd6 9. Nh3 Bf5 10.
Bxd6 cxd6 11. Nf4 g6 12. Be2 Qb6 13. e4 dxe4 14. fxe4 Bg4 15. Bxg4 hxg4 16. Qd2 Qxb2 17. Rb1 Qa3 18. Nb5 Qxa2 19. Nxd6+ Ke7 20. Rxb7 Qa6 21. e5 Nc6 22. Rf1 Nd8 23. Qb4 Nxb7 24. Nxb7+ Ke8 25. Nd6+ Kd8 26. Nxf7+ Kc7 27. Nxh8 Rxh8 28.
Nxg6 Rb8 29. Qd6+ Qxd6 30. exd6+ Kxd6 31. Kd2 Rg8 32. h5 Nb6 33. Kd3 Nd5 34. c4 Ne7 35. Nxe7 Kxe7 36. g6 Rh8 37. Rf7+ Ke8 38. Rh7 Rg8 39.
Ke4 a5 40. Ra7 1-0

[Event "*** SCC Grand Prix: Titled Tuesday Blitz"]
[Site "Chess.com"]
[Date "2020.10.13"]
[Round "2"]
[White "Castleqweenside7447"]
[Black "Matols"]
[Result "1/2-1/2"]
[WhiteElo "2448"]
[BlackElo "2251"]
[TimeControl "180+1"]
[EndTime "10:17:30 PDT"]
[Termination "Game drawn by repetition"]

1. e4 e6 2. d4 d5 3. exd5 exd5 4. Bd3 Bd6 5. Nf3 Ne7 6. Bg5 O-O 7. c3 Re8 8. O-O h6 9. Bh4 Bg4 10. Nbd2 Nbc6 11.
Qb3 Rb8 12. Rae1 Qc8 13. Bxe7 Nxe7 14. Ne5 Bf5 15. Qc2 c6 16. Re2 Bxd3 17. Qxd3 Qf5 18. Qxf5 Nxf5 19. Rfe1 f6 20. Nd3 Kf7 21. g3 Rxe2 22.
Rxe2 Re8 23. Kf1 Rxe2 24. Kxe2 Ke6 25. Nb3 b6 26. a4 g5 27. a5 Bc7 28. axb6 axb6 29. Nb4 Kd7 30. Nd3 Nd6 31. Nd2 c5 32. dxc5 bxc5 33. Nxc5+ Kc6 34. Nd3 Bb6 35. f3 Kb5 36. b3 Ba5 37. c4+ dxc4 38. bxc4+ Nxc4 39. Ne4 Bd8 40. g4 Kc6 41. Ng3 Nd6 42. Nf2 Kd5 43.
Kd3 Bb6 44. Nfe4 Nxe4 45. Nxe4 Ke5 46. Ke2 Ba7 47. Kf1 Bb6 48. Kg2 Ba7 49. Ng3 Bb6 50. Nf5 h5 51. h3 hxg4 52. fxg4 Ba7 53. Kf3 Bb6 54. Ne7 Bc5 55. Nf5 Bb6 56. Ng3 Bc5 57.
Ne2 Bb6 58. Nc1 Ba7 59. Nd3+ Kd4 60. Nb4 Bb6 61. Nc6+ Kd5 62. Ne7+ Ke6 63. Nf5 Ke5 1/2-1/2

[Event "*** SCC Grand Prix: Titled Tuesday Blitz"]
[Site "Chess.com"]
[Date "2020.10.13"]
[Round "2"]
[White "Grieve72"]
[Black "FMalexhdez"]
[Result "1-0"]
[WhiteElo "2476"]
[BlackElo "2256"]
[TimeControl "180+1"]
[EndTime "10:17:31 PDT"]
[Termination "Grieve72 won on time"]

1. e4 c5 2. Nf3 d6 3. d4 cxd4 4.
Nxd4 Nf6 5. Nc3 a6 6. f3 e5 7. Nb3 Be6 8. Be3 Nbd7 9. g4 Nb6 10. g5 Nfd7 11. Rg1 Rc8 12. Nd5 Nxd5 13. exd5 Bf5 14. c4 Be7 15. Qd2 O-O 16. Na5 Qc7 17. Rc1 Rfe8 18.
b4 Bf8 19. h4 e4 20. f4 Nb6 21. Qd4 Na4 22. Be2 Qd7 23. Bd1 b5 24. Nc6 g6 25.
Bxa4 bxa4 26. Qa7 Rc7 27. Qxa6 Bg4 28. Qxa4 Bf3 29. Rg3 Bg7 30. Kf2 Rec8 31. b5 h6 32. Qb3 hxg5 33. hxg5 Qf5 34. b6 Rb7 35. a4 f6 36. a5 Kf7 37. a6 Rh8 38. axb7 Rh2+ 39. Ke1 fxg5 40. b8=Q 1-0

[Event "*** SCC Grand Prix: Titled Tuesday Blitz"]
[Site "Chess.com"]
[Date "2020.10.13"]
[Round "2"]
[White "louis198"]
[Black "Fandorine"]
[Result "0-1"]
[WhiteElo "2568"]
[BlackElo "2864"]
[TimeControl "180+1"]
[EndTime "10:17:32 PDT"]
[Termination "Fandorine won by resignation"]

1. d3 g6 2. g3 Bg7 3. Bg2 d6 4. e4 c5 5. Ne2 Nc6 6. O-O Nf6 7. c3 O-O 8. a4 Rb8 9. Na3 a6 10. Be3 Bd7 11. h3 b5 12. axb5 axb5 13. Nc2 b4 14. cxb4 Nxb4 15. Nxb4 Rxb4 16. Qc2 Be6 17. Bd2 Rb8 18. Ra3 Nd7 19. Bc3 Ne5 20. Ra6 Bc8 21. Ra3 Bd7 22. Rfa1 Bb5 23. Nf4 Nc6 24. Bxg7 Kxg7 25.
Qc3+ Kg8 26. h4 Nd4 27. Kh2 Bc6 28. Ra6 Bb7 29. R6a2 e5 30. Nh3 Bc8 31. Ng5 Bg4 32. f3 Bd7 33. Ra7 h6 34. Nh3 Bxh3 35. Kxh3 Nb5 36.
Qd2 Nxa7 37. Rxa7 Kg7 38. f4 Qc8+ 39. Kh2 exf4 40. Qxf4 Qe6 41. Qf2 Qf6 42. Qxf6+ Kxf6 43. Ra2 Rb3 44. Ra6 Rd8 45. Bf1 Rxb2+ 46. Kh3 Ke7 47. Ra7+ Rd7 48. Ra1 h5 49. Re1 Rdb7 50. Bg2 Rb1 51.
Re3 f6 52. e5 dxe5 53. Bxb7 Rxb7 54. g4 hxg4+ 55. Kxg4 Rb4+ 56. Kg3 Ke6 57. Re1 Rb3 58. Rd1 c4 0-1